 Dungeon Crawl Stone Soup version 0.18-a0-1197-g8004e50 (webtiles) character file.

72 st0uf the Gusty (level 4, -4/27 HPs)
             Began as a High Elf Air Elementalist on Jan 31, 2016.
             Was a Believer of Zin.
             Slain by slayr's ghost (6 damage)
             ... on level 4 of the Dungeon.
             The game lasted 00:14:27 (2754 turns).

st0uf the Gusty (High Elf Air Elementalist)         Turns: 2754, Time: 00:14:27

Health: -4/27      AC:  2    Str:  7    XL:     4   Next: 6%
Magic:  4/9        EV: 13    Int: 19    God:    Zin [**....]
Gold:   135        SH:  0    Dex: 16    Spells: 2 memorised, 5 levels left

rFire  . . .     SeeInvis +     (no weapon)
rCold  . . .     Gourm    .     a - +0 robe
rNeg   . . .     Faith    .     (no shield)
rPois  .         Spirit   .     (no helmet)
rElec  .         Dismiss  .     (no cloak)
rCorr  .         Reflect  .     (no gloves)
SustAt .         Harm     .     (no boots)
MR     .....                    (no amulet)
Stlth  ++........               (no ring)
                                e - ring of see invisible

@: not resistant to hostile enchantments, unstealthy
A: no striking features
a: Recite, Vitalisation, Donate Gold, Renounce Religion


You were on level 4 of the Dungeon.
You worshipped Zin.
Zin was pleased with you.
You were hungry.

You visited 1 branch of the dungeon, and saw 4 of its levels.

You collected 149 gold pieces.
You donated 14 gold pieces to Zin.

Inventory:

Missiles
 p - 8 javelins (quivered)
Armour
 a - a +0 robe (worn)
 d - a +0 buckler
Jewellery
 e - a ring of see invisible (left hand)
 r - an uncursed ring of positive energy {unknown}
 u - a +4 ring of dexterity {unknown}
Scrolls
 f - 2 scrolls of identify {unknown}
 g - 2 scrolls of noise {unknown}
 h - 2 scrolls of remove curse {unknown}
 i - a scroll of random uselessness {unknown}
 l - a scroll of magic mapping {unknown}
 m - 2 scrolls of amnesia {unknown}
 n - a scroll of fear {unknown}
 v - a scroll of teleportation {unknown}
Potions
 k - a potion of agility {unknown}
 s - a potion of resistance {unknown}
Books
 b - a book of Air

   Spells                             Type                      Level
   a - Shock                          Conjuration/Air              1
   b - Swiftness                      Charms/Air                   2
   c - Repel Missiles                 Charms/Air                   2
   d - Static Discharge               Conjuration/Air              3
   e - Lightning Bolt                 Conjuration/Air              5
Miscellaneous
 t - a plain deck of wonders
Comestibles
 c - 3 bread rations
 j - 2 beef jerkies
 o - 2 meat rations
 q - a slice of pizza


   Skills:
 + Level 0.4 Fighting
 + Level 2.5 Dodging
 + Level 2.4 Stealth
 * Level 1.1 Shields
 + Level 3.1 Spellcasting
 + Level 1.4 Conjurations
 + Level 4.4 Air Magic


You had 5 spell levels left.
You knew the following spells:

 Your Spells              Type           Power        Failure   Level  Hunger
a - Shock                 Conj/Air       ##..         6%          1    None
b - Static Discharge      Conj/Air       ##......     14%         3    ###....


Dungeon Overview and Level Annotations

Branches:
Dungeon (4/15)
 Temple: D:4-7

Altars:
Nemelex Xobeh
Zin
The Shining One

Annotations:
D:4 slayr's ghost, amateur MfTm


Message History

Casting: Static Discharge
Confirm with . or Enter, or press ? or * to list all spells.
Slayr's ghost is struck by lightning.
Slayr's ghost is lightly damaged.
The lightning arcs!
You are struck by lightning.
The lightning grounds out.
Slayr's ghost closely misses you.
Casting: Static Discharge
Confirm with . or Enter, or press ? or * to list all spells.
Slayr's ghost is struck by lightning.
Slayr's ghost is moderately damaged.
The lightning grounds out.
Slayr's ghost hits you!
* * * LOW HITPOINT WARNING * * *
There is an open door here.
Slayr's ghost closely misses you. Slayr's ghost hits you.
* * * LOW HITPOINT WARNING * * *
Your magical contamination has completely faded away.
There is an open door here.
Slayr's ghost hits you.
You die...

.!.. .... #####
.... #...# ....
#.#.# .... #.#.#
.... #W#.# ##≈≈≈#
#@#.# ####≈♣≈P♣
#.#.######..≈≈≈≈≈♣
#.#........#P≈P≈≈≈
#.#.#.....<♣P≈≈≈≈P
#.###.....P♣≈≈≈P≈♣
#...'.....≈≈P≈≈≈≈P
#####....♣PP≈≈≈≈≈≈
#....♣≈≈≈≈≈≈≈≈
#....♣♣≈≈P≈≈≈≈


You could see slayr's ghost.

Vanquished Creatures
  3 adders
  A giant gecko (D:1)
  3 giant cockroaches
  4 goblins
  4 hobgoblins
  3 jackals (D:2)
  A quokka (D:2)
  3 ball pythons
  8 bats
  A giant newt (D:1)
  7 kobolds
  6 rats
44 creatures vanquished.

Notes
Turn   | Place    | Note
--------------------------------------------------------------
     0 | D:1      | st0uf the High Elf Air Elementalist began the quest for the Orb.
     0 | D:1      | Reached XP level 1. HP: 11/11 MP: 4/4
   258 | D:1      | Reached XP level 2. HP: 17/17 MP: 4/6
   365 | D:1      | Reached skill level 4 in Air Magic
  1061 | D:2      | Found a faded altar to an unknown god.
  1069 | D:2      | Became a worshipper of Zin the Law-Giver
  1069 | D:2      | Reached * piety under Zin
  1148 | D:2      | Reached XP level 3. HP: 21/21 MP: 5/8
  1211 | D:2      | Reached ** piety under Zin
  1907 | D:3      | Learned a level 3 spell: Static Discharge
  1937 | D:3      | Found a glowing golden altar of the Shining One.
  1964 | D:3      | Noticed a sky beast
  2101 | D:3      | Reached skill level 1 in Shields
  2128 | D:3      | Found a sparkling altar of Nemelex Xobeh.
  2481 | D:4      | Noticed slayr's ghost (amateur MfTm)
  2483 | D:4      | Reached XP level 4. HP: 22/27 MP: 2/9
  2739 | D:4      | HP: 1/27 [slayr's ghost (6)]
  2754 | D:4      | Slain by slayr's ghost

Vault maps used:
D:1:      dpeg_arrival_sounds_slurp
D:2:      ecumenical_altar_2, first_bread
D:3:      lemuel_crystal_altar, lemuel_round_altar, marbit_many_paths,
          nemelex_deck
D:4:      nicolae_overflow_hidden_temple, serial_bayou_lake_a

Action                   |  1- 3 |  4- 6 || total
-------------------------+-------+-------++-------
 Cast: Shock             |    90 |     3 ||    93
       Static Discharge  |     2 |     6 ||     8
  Eat: Chunk             |     4 |       ||     4
       Pizza             |       |     1 ||     1
